Map: Kairos Junction LE

Players

Digis

  • Race: Protoss Protoss
  • League: Diamond
  • Spawn Location: 11:00

Falcon - Winner!

  • Race: Terran Terran
  • League: Diamond
  • Spawn Location: 5:00

VOD

Have the link to the VOD?

Description

Time

  • Played on: March 31, 2019, 12:42 a.m.
  • Length: 13:18
Show
View Real Time Build Order
Export as new Build Order

Digis Protoss 

Build Orders: 1 Gate Expand, Blink Stalkers, Chargelot Immortal 

Get SALT Encoding   

  12  0:00  Probe  
  13  0:12  Probe  
  14  0:18  Pylon  
  14  0:24  Probe  
  15  0:32  Probe  
  15  0:38  Gateway  
  15  0:40  Probe  
  16  0:48  Assimilator  
  17  0:51  Probe  
  18  1:03  Probe  
  19  1:15  Probe  
  20  1:26  Nexus  
  20  1:39  Cybernetics Core  
  20  1:40  Probe  
  20  1:45  Assimilator  
  21  1:52  Probe  
  22  1:56  Pylon  
  22  2:04  Probe  
  22  2:05  Stalker  
  25  2:15  Warp Gate  
  25  2:16  Probe  
  26  2:28  Robotics Facility  
  26  2:29  Probe  
  27  2:34  Stalker  
  29  2:42  Probe  
  30  2:48  Probe  
  30  2:54  Probe  
  30  2:56  Probe  
  35  3:06  Probe x2  
  35  3:15  Twilight Council, Observer  
  35  3:17  Stalker  
  35  3:18  Probe x2  
  40  3:29  Gateway  
  40  3:30  Probe  
  40  3:33  Blink  
  41  3:34  Gateway  
  41  3:44  Probe x2  
  43  3:56  Probe  
  43  4:00  Assimilator  
  43  4:02  Assimilator  
  44  4:03  Pylon  
  44  4:04  Observer  
  44  4:07  Pylon, Probe  
  44  4:09  Pylon  
  46  4:21  Probe  
  47  4:32  Stalker  
  47  4:33  Probe, Nexus  
  47  4:34  Probe  
  47  4:35  Pylon  
  50  4:42  Observer  
  50  4:43  Immortal  
  54  4:46  Probe x2  
  56  4:58  Probe x2  
  56  4:59  Stalker x2  
  62  5:00  Stalker  
  64  5:15  Charge  
  64  5:26  Zealot x3  
  68  5:32  Immortal  
  70  5:52  Gateway  
  70  5:54  Stalker x3, Gateway  
  58  6:14  Immortal  
  58  6:18  Stalker  
  58  6:19  Stalker x2  
  60  6:45  Zealot x2  
  60  6:46  Zealot  
  66  6:49  Zealot x2  
  70  7:00  Immortal  
  68  7:06  Zealot x2  
  68  7:07  Zealot  
  70  7:17  Pylon  
  70  7:19  Pylon  
  51  7:33  Zealot x3  
  51  7:34  Zealot x2  
  43  7:58  Zealot x5  
  49  8:07  Nexus  
  43  8:19  Zealot x4  
  39  8:42  Probe  
  40  8:49  Robotics Bay  
  40  8:52  Warp Prism  
  40  8:54  Probe  
  43  9:25  Disruptor  
  43  9:30  Templar Archives  
  43  9:32  Observer  
  43  9:36  Observer  
  46  9:38  Probe  
  46  9:39  Probe  
  48  9:50  Probe  
  49  10:01  Disruptor  
  49  10:02  Probe  
  49  10:03  Probe  
  54  10:13  Pylon  
  54  10:15  Probe x2  
  56  10:22  High Templar x2  
  56  10:23  High Templar  
  62  10:31  Pylon  
  62  10:33  Pylon  
  61  10:37  Disruptor  
  61  10:53  Nexus  
  58  11:03  High Templar  
  60  11:05  Zealot x3  
  60  11:08  Archon  
  66  11:11  Archon  
  65  11:32  High Templar x2  
  69  11:33  Zealot x2  
  69  11:37  Archon  
  58  12:05  Zealot x4  
  58  12:06  Zealot  
  63  12:18  Nexus  
  63  12:19  Pylon  
  63  12:31  Zealot x5  
  63  12:33  Pylon  
  73  12:37  Pylon  
  71  12:52  Stalker x3  
Show
View Real Time Build Order
Export as new Build Order

Falcon Terran - Winner!

Build Orders: Gas First Reaper Expand 

Get SALT Encoding   

  12  0:01  SCV  
  13  0:13  SCV  
  14  0:18  Supply Depot  
  14  0:25  SCV  
  15  0:30  Refinery  
  15  0:42  Barracks  
  15  0:46  SCV  
  16  0:58  SCV  
  17  1:10  SCV  
  18  1:22  SCV  
  19  1:33  Reaper  
  19  1:34  Orbital Command  
  20  1:51  Command Center  
  20  2:06  Factory  
  20  2:14  SCV  
  21  2:16  Barracks  
  21  2:18  Barracks Reactor  
  21  2:25  Supply Depot  
  21  2:32  Refinery  
  21  2:33  SCV  
  22  2:51  Factory Tech Lab  
  22  2:53  SCV  
  22  2:56  Marine x2  
  25  3:05  Orbital Command, SCV  
  27  3:13  Siege Tank, Marine  
  27  3:15  Marine  
  27  3:18  Barracks Reactor  
  31  3:25  SCV  
  32  3:31  Marine  
  32  3:33  Marine  
  34  3:37  SCV  
  34  3:38  SCV  
  36  3:43  Supply Depot  
  36  3:49  Marine, SCV  
  36  3:50  SCV  
  36  3:51  Marine  
  40  3:58  Marine x2  
  40  3:59  Siege Tank  
  40  4:01  SCV  
  46  4:05  SCV  
  46  4:07  Marine  
  46  4:09  Marine  
  49  4:13  SCV  
  49  4:14  Supply Depot  
  49  4:15  Marine  
  49  4:16  Marine  
  52  4:17  SCV  
  53  4:25  Marine  
  54  4:35  Siege Tank, Marine x3  
  54  4:37  Supply Depot  
  60  4:42  Marine  
  61  4:45  SCV  
  61  4:46  SCV  
  62  4:53  Marine x3  
  62  4:57  SCV  
  62  4:58  SCV  
  62  4:59  Supply Depot  
  67  5:00  Marine  
  68  5:10  SCV x2  
  68  5:11  Marine x3  
  73  5:17  Siege Tank  
  73  5:18  Marine  
  76  5:22  SCV x2  
  78  5:29  Marine x3  
  81  5:36  Marine  
  81  5:46  Marine x3  
  81  5:49  Siege Tank  
  85  5:54  Marine  
  76  6:04  Marine x3  
  76  6:12  Marine  
  76  6:14  Bunker  
  76  6:22  Bunker, Marine x3  
  78  6:29  Marine  
  79  6:40  Command Center, Marine x3  
  79  6:43  Barracks  
  79  6:44  Barracks  
  79  6:45  Starport  
  82  6:47  Marine  
  83  6:58  Marine x3  
  79  7:05  Marine  
  76  7:15  Starport  
  76  7:16  Marine x3  
  76  7:23  Marine  
  71  7:33  Marine x3  
  75  7:41  Marine  
  75  7:42  Barracks Tech Lab  
  75  7:43  Barracks Tech Lab  
  72  7:51  Marine x3  
  69  7:58  Marine  
  69  8:01  Siege Tank  
  69  8:02  Medivac  
  75  8:07  Refinery  
  75  8:08  Command Center, Refinery  
  75  8:09  Marine x3  
  75  8:16  Marauder x2, Marine  
  64  8:24  Orbital Command  
  62  8:27  Marine x3  
  62  8:34  Marine  
  62  8:37  Marine x2  
  64  8:45  Marine x3  
  67  8:49  Engineering Bay  
  67  8:50  Engineering Bay, Starport Reactor  
  67  8:51  SCV  
  67  8:52  Marine  
  67  8:54  SCV  
  74  8:55  Marauder x2  
  74  9:02  Marine x3  
  74  9:03  SCV, Stimpack  
  74  9:06  SCV  
  79  9:10  Marine  
  79  9:14  Siege Tank  
  79  9:15  SCV  
  79  9:16  Marine x2  
  86  9:18  SCV  
  86  9:20  Marine x3  
  86  9:22  Orbital Command  
  90  9:25  Missile Turret  
  90  9:27  Missile Turret, Marine, SCV  
  90  9:30  SCV  
  93  9:34  Marine  
  93  9:35  Marauder  
  93  9:36  Starport Reactor  
  93  9:38  Medivac x2, Marine x2  
  96  9:39  Missile Turret, SCV  
  96  9:42  SCV  
  104  9:47  Missile Turret  
  104  10:04  Combat Shield, Liberator x2  
  104  10:14  Marine x4  
  104  10:15  Marine x2  
  116  10:32  Marine  
  116  10:57  Liberator x2  
  116  11:09  Orbital Command  
  116  11:14  Marine x2  
  116  11:16  Marine x4  
  128  11:32  Marine x2  
  120  11:33  Marine x4  
  120  11:38  Siege Tank  
  127  11:50  Marauder, Marine  
  127  11:52  Marauder  
  132  12:00  Marine x3  
  108  12:08  Marine  
  109  12:09  SCV x4  
  109  12:10  Siege Tank  
  109  12:12  Marauder  
  109  12:13  Marauder  
  109  12:15  Concussive Shells  
  120  12:18  Marine x3  
  120  12:21  SCV x4  
  127  12:25  Marine  
  128  12:33  Marauder  
  128  12:35  Marauder  
  132  12:40  Marine x3  
  110  12:54  Marauder  
  110  12:56  Marauder  
Tags
 
Add a new tag
Caveats
  • Supply blocks, unpowered buildings, or Contaminate may cause inaccurate times.
  • Supply counts are checked every 10 seconds.